Cogmind - Beta 16 --- EXPLORER MODE // 2026.01.08 @ 16:48:14 Player: K.K.Y. Result: Destroyed by D-53 Grenadier with Mini Grenade Launcher Performance ------------- Evolutions (0) 0 Regions Visited (2) 400 Robots Destroyed (21) 105 Value Destroyed (412) 412 Prototype IDs (0) 0 Alien Tech Used (0) 0 Bonus (-288) -288 TOTAL SCORE: 629 Bonus ------- Friendly Fire -288 Cogmind --------- Core Integrity 0/250 Matter 290/300 Energy 16/100 System Corruption 0% Temperature Danger (474) Movement Treading (225) Ox1 Location -10/Mines Parts ------- > --- POWER (1) -------- (None) > --- PROPULSION (2) --- Light Treads Advanced Treads > --- UTILITY (3) ------ Improved Heat Sink Large Storage Unit Medium Armor Plating > --- WEAPON (2) ------- Beamcaster Heavy Flail > --- INVENTORY (15) --- Cooling System Cooling System Cooling System Cooling System High-capacity Storage Unit Structural Scanner Machine Analyzer Sensor Array Improved Terrain Scanner Transport Network Coupler Hacking Suite Pulse Rifle Mining Laser Peak State ------------ > --- POWER ------------ Light Deuterium Engine > --- PROPULSION ------- Light Treads Advanced Treads > --- UTILITY ---------- Improved Heat Sink Large Storage Unit Medium Armor Plating > --- WEAPON ----------- Beamcaster Heavy Flail > --- INVENTORY -------- Cooling System Cooling System Cooling System Cooling System High-capacity Storage Unit Structural Scanner Machine Analyzer Sensor Array Improved Terrain Scanner Transport Network Coupler Medium Armor Plating Medium Armor Plating Hacking Suite Pulse Rifle Mining Laser [Rating: 23] Favorites ----------- Power Ion Engine Engine Ion Engine Propulsion Light Treads Treads Light Treads Utility Medium Armor Plating Device Improved Heat Sink Storage Large Storage Unit Protection Medium Armor Plating Weapon Beam Cannon Energy Gun Pulse Rifle Energy Cannon Beam Cannon Ballistic Gun Light Assault Rifle Special Weapon Mining Laser Impact Weapon Heavy Flail Build | -11 -10 -10 ------- Run | Yrd Mat Min Slots Evolved 1 | . 1 . Power . | . . . Propulsion . | . . . Utility 1 | . 1 . Weapon . | . . . Parts Attached 22 | 7 7 8 Power 2 | 1 . 1 Engine 2 | 1 . 1 Core . | . . . Reactor . | . . . Propulsion 3 | 2 . 1 Treads 3 | 2 . 1 Leg . | . . . Wheel . | . . . Hover . | . . . Flight . | . . . Utility 8 | 2 3 3 Device 1 | . . 1 Storage 1 | . 1 . Processor . | . . . Hackware . | . . . Protection 6 | 2 2 2 Artifact . | . . . Weapon 9 | 2 4 3 Energy Gun 4 | . 2 2 Energy Cannon 1 | . 1 . Ballistic Gun 2 | 2 . . Ballistic Cannon . | . . . Launcher . | . . . Special Weapon 1 | . 1 . Impact Weapon 1 | . . 1 Slashing Weapon . | . . . Piercing Weapon . | . . . Special Melee Weapon . | . . . Unidentified Prototypes . | . . . Parts Lost 4 | . . 4 Power 1 | . . 1 Propulsion . | . . . Utility 3 | . . 3 Weapon . | . . . Highest Loss Streak 4 | . . 4 To Critical Strikes . | . . . Average Backups 10 | 2 8 14 Power . | . . . Propulsion . | . 1 . Utility 8 | 1 6 12 Weapon 1 | . 1 1 Tool/Special . | . . . Unused Backups 16 | . 3 13 Power . | . . . Propulsion 3 | . 2 1 Utility 12 | . . 12 Weapon 1 | . 1 . Tool/Special . | . . . Average Slot Usage (%) 97 | . 95 100 Engine 12 | . 12 12 Treads 25 | . 25 25 Storage 11 | . 11 12 Protection 24 | . 25 24 Energy Gun 13 | . 14 12 Energy Cannon 6 | . 1 11 Ballistic Gun 3 | . 5 . Peak Build Rating 23 | 7 13 23 Average Rating 12 | 6 9 18 On Entrance 6 | . 7 13 Avg Prop Armor Cover (%) 8 | . . 8 Naked Turns . | . . . Heaviest Build 47 | 11 45 47 Greatest Support 42 | 40 40 42 Greatest Overweight (x) 1 | 1 1 1 Average Overweight (x) . | . . 1 Largest Inventory Capacity 15 | 5 15 15 Average Capacity 13 | 5 14 15 Most Carried 15 | 5 15 15 Average Carried 10 | 2 8 14 Final Capacity 15 | 5 15 15 Final Carried 15 | 4 15 13 Class Distribution -------------------- 100% | Hacker-Mutant Dominant Class ---------------- Hacker-Mutant | -10/Materials Hacker-Mutant | -10/Mines Resources | -11 -10 -10 ----------- Run | Yrd Mat Min Matter Collected 538 | 298 113 127 Remotely . | . . . Salvage Created 827 | 201 420 206 Parts 45 | 15 24 6 Haulers Intercepted 2 | . 2 . Recyclers Shooed 1 | 1 . . Parts Field Recycled . | . . . Retrieved Matter . | . . . Parts Self-Destructed . | . . . Prevented . | . . . Parts Restored . | . . . Kills | -11 -10 -10 ------- Run | Yrd Mat Min Combat Hostiles Destroyed 13 | . 6 7 Melee 4 | . . 4 Guns 7 | . 4 3 Classes Destroyed 8 | 2 4 2 Tunneler 5 | 5 . . Hauler 2 | . 2 . Recycler 1 | 1 . . Mechanic 1 | . 1 . Watcher 3 | . 3 . Grunt 6 | . 6 . Demolisher 1 | . . 1 Assembled 6 | . . 6 Thug 2 | . . 2 Best Kill Streak 6 | 6 3 6 Combat Bots Only 6 | . 2 6 Max Kills in Single Turn 1 | 1 1 1 Gunslinging . | . . . Exploded . | . . . Melee 1 | . . 1 Uniques/NPCs Destroyed . | . . . Combat | -11 -10 -10 -------- Run | Yrd Mat Min Hostile Shots Fired 131 | . 40 91 Missed 26 | . 15 11 Hits 105 | . 25 80 Melee 12 | . . 12 Projectile 93 | . 25 68 AOE 5 | . . 5 Critical Strikes 3 | . 2 1 Actively Blocked 1 | . 1 . Part Disruptions 3 | . . 3 Damage Taken 1110 | . 287 823 Core 263 | . 109 154 Absorbed by Shields . | . . . Redirected to Shielding 3 | . 3 . Ignored by Resistances 625 | . 125 500 Core Remaining (%) 100 | 100 . . Volleys Fired 72 | 14 43 15 Largest 2 | 2 2 2 Hottest 150 | 40 150 123 Shots Fired 105 | 28 58 19 Gun 100 | 28 57 15 Cannon 4 | . . 4 Launcher . | . . . Special 1 | . 1 . Kinetic 34 | 28 6 . Thermal 71 | . 52 19 Explosive . | . . . Electromagnetic . | . . . Robot Hit Streak 33 | 24 33 12 Robot Miss Streak 2 | 1 2 1 Penetration Max . | . . . Secondary Targets . | . . . Shots Hit Robots 97 | 26 49 22 Core Hits 46 | 13 22 11 Critical Kills . | . . . Critical Parts Destroyed . | . . . Critical Strikes 5 | . 4 1 Burn 5 | . 4 1 Melee Attacks 7 | . . 7 Impact 7 | . . 7 Slashing . | . . . Piercing . | . . . Sneak Attacks . | . . . Combat Hostiles . | . . . Follow-up Attacks . | . . . Damage Inflicted 1440 | 201 626 613 Guns 1104 | 201 626 277 Cannons 36 | . . 36 Explosions . | . . . Melee 300 | . . 300 Ramming . | . . . Kinetic 245 | 201 44 . Thermal 895 | . 582 313 Explosive . | . . . Electromagnetic . | . . . Impact 300 | . . 300 Slashing . | . . . Piercing . | . . . Highest Corruption . | . . . Average Corruption . | . . . Corruption Purged . | . . . Corruption Blocked . | . . . Overload Shots . | . . . Overflow Damage 64 | . . 64 Projectiles . | . . . Explosions . | . . . Melee 64 | . . 64 Knockbacks . | . . . Impact . | . . . Kinetic . | . . . Secondary . | . . . Self-Inflicted Damage . | . . . Shots . | . . . Rammed 1 | . 1 . Targets Rammed 1 | . 1 . Kicked . | . . . Crushed . | . . . Highest Temperature 562 | 12 562 518 Average Temperature 176 | 5 143 315 Received Heat Transfer 850 | . 201 649 Effects 15 | . 8 7 Shutdowns 1 | . 1 . Energy Bleed 1 | . 1 . Interference 2 | . 2 . Matter Decay 2 | . 1 1 Short Circuit 1 | . . 1 Damage (minor) 2 | . 1 1 Damage (major) 4 | . . 4 Damage (core) 2 | . 2 . Siege Activations . | . . . Martial Activations . | . . . Shielding Activations . | . . . Robots Disrupted . | . . . Combat Hostiles . | . . . Robots Corrupted . | . . . Combat Hostiles . | . . . Parts Fried . | . . . Impact Corruptions 2 | . . 2 Robots Melted 2 | . 2 . Combat Hostiles 2 | . 2 . Parts Melted 3 | . 3 . Heat Transferred 2627 | . 1961 666 Parts Sabotaged . | . . . Parts Stolen . | . . . Parts Stripped . | . . . Power Chain Reactions . | . . . Alert | -11 -10 -10 ------- Run | Yrd Mat Min Maximum Alert Level . | . . . Low Security (%) 100 | 100 100 100 Level 1 . | . . . Level 2 . | . . . Level 3 . | . . . Level 4 . | . . . Level 5 . | . . . High Security . | . . . Max Security . | . . . Peak Influence 47 | 15 47 20 Initial . | . . . Average 2 | 1 4 . Influence Increases 254 | 30 204 20 Destroy 0b10 Robot/C 140 | . 120 20 Destroy 0b10 Robot/NC 60 | 30 30 . Destroy Leader 40 | . 40 . Successful Hack 10 | . 10 . Disable Machine 4 | . 4 . Influence Decreases 254 | 30 204 20 Time Decay 249 | 30 204 15 Lost Part 5 | . . 5 Squads Dispatched 1 | . . 1 Investigation 1 | . . 1 Extermination . | . . . Reinforcement . | . . . Assault . | . . . Garrison . | . . . Intercept . | . . . Searches Triggered . | . . . Construction Impeded . | . . . Haulers Reinforced . | . . . Active Scanning Responses . | . . . Cargo Convoy Interrupts . | . . . Stealth | -11 -10 -10 --------- Run | Yrd Mat Min Distress Signals . | . . . Communications Jammed . | . . . Distress Signals . | . . . Times Spotted 24 | . 10 14 Peak Tracking Total 9 | . 3 9 Tactical Retreats . | . . . Traps | -11 -10 -10 ------- Run | Yrd Mat Min Traps Triggered 1 | . 1 . Indirectly . | . . . Trap Hack Attempts . | . . . Triggered . | . . . Disarmed . | . . . Reprogrammed . | . . . Reused . | . . . Traps Extracted . | . . . Installed . | . . . Triggered . | . . . Machines | -11 -10 -10 ---------- Run | Yrd Mat Min Machines Disabled 1 | . 1 . Max in Single Turn 1 | . 1 . Machines Repaired . | . . . Machines Dismantled . | . . . Machines Sabotaged . | . . . Overloaded Fab Kills . | . . . Hacking | -11 -10 -10 --------- Run | Yrd Mat Min Machines Accessed 10 | . 8 2 Terminals 7 | . 6 1 Fabricators . | . . . Repair Stations . | . . . Recycling Units 2 | . 2 . Scanalyzers . | . . . Garrison Access . | . . . Total Hacks 14 | . 10 4 Successful 13 | . 9 4 Failed 1 | . 1 . Catastrophic . | . . . Database Lockouts . | . . . Manual 9 | . 6 3 Terminals 10 | . 7 3 Fabricators . | . . . Repair Stations . | . . . Recycling Units 3 | . 3 . Scanalyzers . | . . . Garrison Access . | . . . Terminal Hacks 4 | . 1 3 Robot Analysis 1 | . 1 . Open Door 1 | . . 1 Maintenance Status 1 | . . 1 Hauler Manifests 1 | . . 1 Fabricator Hacks . | . . . Repair Station Hacks . | . . . Recycling Unit Hacks 2 | . 2 . Retrieve Components 2 | . 2 . Scanalyzer . | . . . Garrison Access Hacks . | . . . Unauthorized Hacks 7 | . 6 1 Terminals 7 | . 6 1 Botnet 7 | . 6 1 Fabricators . | . . . Repair Stations . | . . . Recycling Units . | . . . Scanalyzers . | . . . Garrison Access . | . . . Data Cores Recovered . | . . . Used . | . . . Hacking Detections 5 | . 4 1 Full Trace Events . | . . . Feedback Events . | . . . Feedback Blocked . | . . . Robot Schematics Acquired . | . . . Robots Built . | . . . Authchips . | . . . Time . | . . . Total Robot Build Rating . | . . . Part Schematics Acquired . | . . . Parts Built . | . . . Authchips . | . . . Time . | . . . Total Part Build Rating . | . . . Part Studies Acquired . | . . . Parts Repaired . | . . . Time . | . . . Parts Recycled . | . . . Recycled Matter . | . . . Retrieved Matter . | . . . Retrieved Components 8 | . 8 . Parts Scanalyzed . | . . . Part Schematics Acquired . | . . . Parts Damaged . | . . . Bothacking | -11 -10 -10 ------------ Run | Yrd Mat Min Used RIF Installer . | . . . Robots Hacked . | . . . Non-combat . | . . . Combat . | . . . Robot Hacks Applied . | . . . Relay Couplers Released . | . . . Fabnet Peak Effective % . | . . . Robots Rewired . | . . . Allies Hacked . | . . . Hacks Repelled . | . . . Allies | -11 -10 -10 -------- Run | Yrd Mat Min Total Allies . | . . . Largest Group . | . . . Highest-Rated Group . | . . . Highest-Rated Ally . | . . . Total Orders . | . . . Ally Attacks . | . . . Total Damage . | . . . Kills . | . . . Allies Corrupted . | . . . Allies Melted . | . . . Intel | -11 -10 -10 ------- Run | Yrd Mat Min Active Infowar (turns) . | . . . Robot Analysis Total 1 | . 1 . Derelict Logs Recovered 1 | . . 1 Drone Launches . | . . . Drone Recoveries . | . . . Exploration | -11 -10 -10 ------------- Run | Yrd Mat Min Turns Passed 2244 | 193 1086 965 Spaces Moved 1040 | 97 564 379 Core 23 | 23 . . Treads 1017 | 74 564 379 Legs . | . . . Wheels . | . . . Hover . | . . . Flight . | . . . Fastest Speed 50 | 50 160 225 Average Speed 189 | 143 168 232 Slowest Speed 240 | 160 240 240 Overloaded Moves . | . . . Propulsion Burnouts . | . . . Robots Hopped . | . . . Potential Cave-ins . | . . . Cave-ins Triggered . | . . . Exploration Rate (%) 53 | 5 78 78 Regions Visited 2 Branch Regions 1 Pre-discovered Areas 1 | . . 1 Known Exits Taken 2 | 1 1 . Unknown Exits Taken . | . . . Scrap Searched 1 | . . 1 Spaces Dug . | . . . Terrain Destroyed . | . . . Melee . | . . . Projectile . | . . . AOE . | . . . Terrain Rammed . | . . . Walls Destroyed . | . . . Machines Disabled . | . . . Actions | -11 -10 -10 --------- Run | Yrd Mat Min Total 1210 | 128 647 435 Wait 22 | . 5 17 Move 1038 | 96 563 379 Hop . | . . . Pick Up 31 | 11 18 2 Fast Attach 1 | . . 1 Attach 12 | 7 3 2 Detach 2 | . 2 . Swap 11 | . 5 6 Drop 13 | . 7 6 Fire 72 | 14 43 15 Melee 7 | . . 7 Ram . | . . . Kick . | . . . Crush 1 | . 1 . Escape Stasis . | . . . Rewire . | . . . Trap . | . . . Miscellaneous . | . . . Route ------- -11/Scrapyard -10/Materials (discovered 4 exits: *Mat x2 / *Min x2) -10/Mines (discovered 4 exits: *Mat x2 / *Exi / *Sub) History --------- Turn | Location | Event 13 | -11/Scrapyard | Identified exit to Materials 13 | -11/Scrapyard | Discovered exit to Materials (range 15) 194 | -11/Scrapyard | Entered Materials 194 | -10/Materials | Evolved 1 slot: Utility x1 239 | -10/Materials | Identified exit to Mines 239 | -10/Materials | Discovered exit to Mines (range 12) 310 | -10/Materials | Build established: Hacker-Mutant 598 | -10/Materials | Identified exit to Materials 598 | -10/Materials | Discovered exit to Materials (range 6) 864 | -10/Materials | Discovered exit to Materials (range 6) 1089 | -10/Materials | Discovered exit to Mines (range 14) 1280 | -10/Materials | Entered Mines 1315 | -10/Mines | Met a Derelict shopkeep closing up shop 1507 | -10/Mines | Learned location of Zion (-7) 1523 | -10/Mines | Discovered exit to Materials (range 11) 1584 | -10/Mines | Deemed a non-threat by the Exiles lab entrance 1584 | -10/Mines | Identified exit to Exiles 1584 | -10/Mines | Discovered exit to Exiles (range 5) 1925 | -10/Mines | Discovered exit to Materials (range 5) 1948 | -10/Mines | Identified exit to Subcaves 1948 | -10/Mines | Discovered exit to Subcaves (range 6) 2150 | -10/Mines | Joined a pair of Derelicts in attacking an 0b10 outpost 2162 | -10/Mines | Assembled infested the area 2181 | -10/Mines | Core integrity fell below 50% 2202 | -10/Mines | Core integrity fell below 20% 2245 | -10/Mines | Destroyed by D-53 Grenadier with Mini Grenade Launcher Last Messages --------------- 02220_ K-01 Serf destroyed. 02220_ U-05 Engineer lays Concrete. 02221_ as-90058 destroyed. 02221_ as-97525 destroyed. 02221_ U-05 Engineer lays Concrete. 02224_ Acquired 55 matter. 02228_ as-51873 destroyed. 02230_ as-88705 destroyed. 02230_ as-69543 destroyed. 02235_ D-53 Grenadier destroyed. 02237_ Machine disabled. 02239_ D-53 Grenadier suffers critical hit (Burn). 02239_ U-05 Engineer lays Concrete. 02241_ The unstable cave ceiling collapses. 02241_ Med. Armor Plating destroyed. 02241_ U-05 Engineer lays Concrete. 02242_ Overheating: Adv. Treads damaged (-31). 02243_ Broken Lgt. Deuterium Engine destroyed. 02243_ U-05 Engineer lays Concrete. Map ----- +----------------------------------------------------+ | ## ####??# #?# ## ##??????? | | ## ## ##?????# ### #??????? | | ## ##### ##????### ## #??????? | | # ##???####????## #??????? | | #????????????# ##??????? | | ##????????????# ####???????? | | #############??## ##??????????? | | ##""## ##### ##??????????? | | # ##"=[ #X ##?????????? | | #####"* #####?????? | | ????#"! ##### #?????? | | ????#" = # #???# """ #?????? | | ????##""## #???# """ ### #?????? | | ?????#### #???## """ ##?# ##????? | | ###?????# #????# ####?## ##???? | | ##????# #????# ##????# #???? | | #????# #????# ##?????# #???? | | #????#########????## #??????# #???? | | #???????????????????## ##??????# ##??? | | ##???????????????????###???????## ##?? | | ##?????????????????#####???????## #?? | | #????????????????## # ####????##%" #?? | | # ##???????????????## #### # " #?? | | ?###????????????????# #?? | | ????????????????????# # #?? | | ?????###?????????????# @ *% #?? | | #???# ##???????????# u #? | | #### #???????????# !% = # # #? | | #???????????## [%d= ## ## ##? | | #?????????????## [* ]% ##???####?? | | #####??????????????##"% #?????????? | | ##???????????????????## #????????? | | ##????????????????????? ! #???????? | | #?????????????????????? *%% #??????? | | ##????????????????????# ! #??????? | | ########?????????????## #??????? | | ##?????????????# #??????? | | #?????????????? # ##??????? | | ####?????????????? # #???????? | | ##????????????????? ?? #???????? | | ###??????????????????# #?? #???????? | | ##?????????????????????#* ???? ##???????? | | ##???????????????????????% ?????#????????? | | ##????????????????????????= ??????????????? | | ##????????????????????????? #??????????????? | | ???????????????????????????????????????????? | | ???????????????????????????????????????????? | | ???????????????????????????????????????????? | | ???????????????????????????????????????????? | | ???????????????????????????????????????????? | +----------------------------------------------------+ Best States ------------- Heat Dissipation 39 Energy Generation 14 Energy Capacity 250 Matter Stores 300 Matter Capacity 300 Sight Range 16 Terrain Scan Density 10 Armor Coverage 450 Resistance: KI 35 Resistance: TH 35 Resistance: EX 35 Resistance: EM 35 Resistance: I 35 Resistance: S 35 Resistance: P 35 Core Shielding 20 Evasion (%) 40 Recoil Reduction 2 Offensive Hacking 20 Item Schematics ----------------- None Robot Schematics ------------------ None Fabricated ------------ Nothing Repaired ---------- Nothing Studied --------- None Alien Tech Used ----------------- None Achievements -------------- None Challenges ------------ None Game ------ Seed IntegrityRefinerySaw Manual? 0 Play Time 00:12:21 Cumulative 267.3 hours Start 2026.01.08 @ 16:37:19 End 2026.01.08 @ 16:48:14 Sessions 1 Manual Loads 0 Difficulty Explorer Special Mode None Game No. 416 Rogue 0 Adventurer 0 Explorer 416 Win Type - Total 0 Types 0/0/0/0/0/0/0/0/0/0 Lore% 72 Gallery% 69 Achievement% 54 Wizard Run 0 Options --------- Layout 1 ASCII 0 Keyboard 0 Movement Mouse Keybinds 0 Fullscreen 1 Font 24/Smallcaps Map View 50x35 Zoom Use 0% Tactical HUD 1 Map Filters NONE Filters NONE Steam 1 RUN: c6cde388-4341-4c2a-ab01-f06ae819f7fd